Bruins vs Flyers

Created - 18 avril 2016 at 19:09

Goals
1 2 3 OT1 T
Bruins 0 2 2 1 5
Flyers 0 2 2 0 4
Shots
1 2 3 OT1 T
Bruins 9 13 6 1 29
Flyers 7 19 8 0 34

1st period

No Goal

Penalties :
Curtis Glencross (Bos) for Tripping (Minor) at 6:59

2nd period

1. Flyers , Jeff O'Neill 8 (Mike York, Matthew Lombardi) at 4:15
2. Bruins , Eric Lindros 22 (Andrew Alberts) at 12:29 (SH)
3. Bruins , Wojtek Wolski 52 (Jarome Iginla, Eric Lindros) at 17:03 (PP)
4. Flyers , Stefan Ruzicka 2 (Mike York) at 19:31

Penalties :
Éric Perrin (Bos) for Hooking (Minor) at 6:48, Dave Bolland (Bos) for Hooking (Minor) at 12:03, Dave Tanabe (Phi) for Hooking (Minor) at 16:53

3rd period

5. Flyers , Patrick Marleau 34 (Matt Smaby, Jonathan Ericsson) at 0:35
6. Flyers , Mike York 10 (Jeff Woywitka, Jeff Carter) at 14:25
7. Bruins , Matt Cooke 29 (Dave Bolland, Matt Hendricks) at 17:15
8. Bruins , Jarome Iginla 25 (Eric Lindros, Matt Cooke) at 19:51 (PP)

Penalties :
Mats Zuccarello (Phi) for High sticking (Double Minor) at 0:57, Georges Laraque (Phi) for Holding (Minor) at 12:01, Jason Demers (Bos) for Hooking (Minor) at 14:44, Jonathan Ericsson (Phi) for Interference (Minor) at 18:49

Overtime #1

9. Bruins , Dainius Zubrus 10 (Mark Stuart, Ryan O'Byrne) at 1:19

Penalties :
No Penalty

Goalie Stats

Karri Ramo (Bos), 30 saves from 34 shots - (0,882), W, 6-10-0, 60:19 minutes
Viktor Fasth (Phi), 24 saves from 29 shots - (0,828), OTL, 33-22-6, 61:19 minutes

Players Stats for Bruins

Player Name              G  A  P  +/- PIM S  H  SB GA TA FO     MP     PP MP  PK MP  
------------------------------------------------------------------------------------
Andrew Alberts           0  1  1  -2  0   2  1  2  1  1  0/0    28:43   4:14   5:14 
Curtis Glencross         0  0  0   0  2   0  0  0  0  0  0/0     9:55   0:00   0:27 
Dainius Zubrus           1  0  1   1  0   3  0  0  0  0  0/0    11:25   0:37   0:00 
Dave Bolland             0  1  1  -2  2   4  1  0  0  0  0/1    15:27   2:59   0:00 
David Moss               0  0  0   0  0   2  1  0  0  0  0/1    10:09   0:37   0:00 
Eric Lindros             1  2  3   0  0   4  2  3  1  0  15/22  22:45   3:34   4:37 
Éric Perrin              0  0  0   0  2   0  1  0  0  0  2/3     9:27   0:00   0:00 
Jarome Iginla            1  1  2  -1  0   2  1  0  0  1  0/1    17:53   3:34   2:08 
Jason Demers             0  0  0  -2  2   0  3  0  1  0  0/0    26:12   4:14   4:05 
Mark Stuart              0  1  1   1  0   0  1  1  0  1  0/0    20:45   2:56   2:42 
Matt Cooke               1  1  2  -2  0   2  2  0  0  0  1/1    16:39   2:59   2:17 
Matt Hendricks           0  1  1   0  0   1  1  0  0  0  2/8    12:20   0:00   1:29 
Nate Prosser             0  0  0   0  0   0  3  1  0  1  0/0    13:00   0:00   1:09 
Ryan O'Byrne             0  1  1   1  0   2  0  0  2  2  0/0    20:45   2:56   2:42 
Victor Oreskovich        0  0  0  -2  0   1  1  0  0  0  0/1    14:12   2:59   0:00 
Viktor Stalberg          0  0  0   1  0   2  2  0  0  0  1/2    11:25   0:37   0:00 
Wojtek Wolski            1  0  1   0  0   4  1  0  0  0  7/14   22:42   3:34   4:54 
Zdeno Chara              0  0  0   0  0   0  0  0  0  0  0/0    13:32   0:00   0:00 

Players Stats for Flyers

Player Name              G  A  P  +/- PIM S  H  SB GA TA FO     MP     PP MP  PK MP  
------------------------------------------------------------------------------------
Dany Heatley             0  0  0  -1  0   0  2  0  0  0  1/2    20:31   3:46   2:34 
Dave Tanabe              0  0  0   0  2   0  0  0  0  1  0/0    15:00   0:00   3:37 
Georges Laraque          0  0  0   0  2   1  1  0  0  0  0/0     9:12   0:00   0:00 
James Wisniewski         0  0  0   0  0   0  0  0  0  0  0/0    11:33   0:00   0:20 
Jeff Carter              0  1  1   0  0   4  1  1  1  0  7/21   20:21   3:46   2:00 
Jeff O'Neill             1  0  1   2  0   1  2  0  0  0  1/1     9:16   0:00   0:18 
Jeff Woywitka            0  1  1   1  0   1  0  1  0  0  0/0    26:29   4:12   4:15 
Jonathan Ericsson        0  1  1   1  2   1  3  2  0  1  0/0    25:26   4:12   3:13 
Kyle Wellwood            0  0  0   0  0   5  3  1  0  0  12/19  19:10   4:10   1:08 
Loui Eriksson            0  0  0   0  0   5  1  0  1  1  0/0    18:01   4:10   0:00 
Mats Zuccarello          0  0  0   0  4   2  1  0  1  1  0/0    17:12   3:46   0:00 
Matt Smaby               0  1  1   0  0   0  0  3  0  1  0/0    23:05   3:44   2:35 
Matthew Lombardi         0  1  1  -1  0   0  2  1  0  0  5/11   12:32   0:00   3:44 
Mike York                1  2  3   3  0   4  0  0  0  0  0/0    10:18   0:00   0:55 
Patrick Marleau          1  0  1   0  0   7  0  1  0  0  0/0    17:26   4:10   0:00 
Pavel Kubina             0  0  0   0  0   1  2  1  3  0  0/0    21:03   3:44   0:20 
Rostislav Olesz          0  0  0  -1  0   1  2  1  0  0  0/0    12:29   0:00   3:41 
Stefan Ruzicka           1  0  1   2  0   1  1  0  0  0  0/0     8:58   0:00   0:00 

3 Stars

1 - Mike York (Phi)
2 - Eric Lindros (Bos)
3 - Jeff O'Neill (Phi)

Power Play

Bruins - 2 on 5 Attempt(s) - 40,00%
Flyers - 0 on 4 Attempt(s) - 0,00%

Penalty Kill

Bruins - 4 on 4 Attempt(s) - 100,00% - Score 1 goal in Penalty Kill
Flyers - 3 on 5 Attempt(s) - 60,00% - Score 0 goal in Penalty Kill

Team Stat

Bruins - Hits : 21 - Faceoff Wins : 28 - Blocked Shots : 7 - Penalty Minutes : 8
Flyers - Hits : 21 - Faceoff Wins : 26 - Blocked Shots : 12 - Penalty Minutes : 10

Official

Referees : Walsh Ian and VanMassenhoven Don
Linesman : Derek Nansen and Tim Nowak

Game Notes

No Game Note

Finance

Level 1 -- Attendance: 5793 (96,55%) -- Ticket Income 492 405 $
Level 2 -- Attendance: 5000 (100,00%) -- Ticket Income 250 000 $
Level 3 -- Attendance: 1868 (93,40%) -- Ticket Income 56 040 $
Level 4 -- Attendance: 3977 (99,43%) -- Ticket Income 79 540 $
Luxury Box -- Attendance: 1000 (100,00%) -- Ticket Income 165 000 $
Game was played at the Wells Fargo Center.
Total Attendance: 17638 (97,99%)
Total Ticket Income: 1 042 985 $
Other Income: 156 448 $
Total Income: 1 199 433 $

Bruins

5 vs 5 Forward 
   Center                   Left Wing                Right Wing               Time % Phy DF OF 
 1 Eric Lindros             Wojtek Wolski            Jarome Iginla            40     1   2  2  
 2 Dave Bolland             Matt Cooke               Victor Oreskovich        30     1   2  2  
 3 Matt Hendricks           Viktor Stalberg          Dainius Zubrus           20     1   2  2  
 4 Éric Perrin              Curtis Glencross         David Moss               10     1   2  2  

5 vs 5 Defense 
   Defense                  Defense                                           Time % Phy DF OF 
 1 Andrew Alberts           Jason Demers                                      40     1   2  2  
 2 Ryan O'Byrne             Mark Stuart                                       30     1   2  2  
 3 Zdeno Chara              Nate Prosser                                      20     1   2  2  
 4 Zdeno Chara              Andrew Alberts                                    10     1   2  2  

PowerPlay Forward 
   Center                   Left Wing                Right Wing               Time % Phy DF OF 
 1 Eric Lindros             Wojtek Wolski            Jarome Iginla            60     1   2  2  
 2 Dave Bolland             Matt Cooke               Victor Oreskovich        40     1   2  2  

PowerPlay Defense
   Defense                  Defense                                           Time % Phy DF OF 
 1 Andrew Alberts           Jason Demers                                      60     1   2  2  
 2 Ryan O'Byrne             Mark Stuart                                       40     1   2  2  

Penalty Kill 4 Players Forward 
   Center                   Wing                     Time % Phy DF OF 
 1 Wojtek Wolski            Eric Lindros             60     1   2  2  
 2 Jarome Iginla            Matt Cooke               40     1   2  2  

Penalty Kill 4 Players Defense
   Defense                  Defense                  Time % Phy DF OF 
 1 Andrew Alberts           Jason Demers             60     1   2  2  
 2 Ryan O'Byrne             Mark Stuart              40     1   2  2  

Penalty Kill - 3 Players Forward 
   Forward                                           Time % Phy DF OF 
 1 Wojtek Wolski                                     60     1   2  2  
 2 Eric Lindros                                      40     1   2  2  

Penalty Kill - 3 Players Defense
   Defense                  Defense                  Time % Phy DF OF 
 1 Andrew Alberts           Jason Demers             60     1   2  2  
 2 Ryan O'Byrne             Mark Stuart              40     1   2  2  

4 vs 4 Forward 
   Center                   Wing                     Time % Phy DF OF 
 1 Wojtek Wolski            Eric Lindros             60     1   2  2  
 2 Jarome Iginla            Matt Cooke               40     1   2  2  

4 vs 4 Defense
   Defense                  Defense                  Time % Phy DF OF 
 1 Andrew Alberts           Jason Demers             60     1   2  2  
 2 Ryan O'Byrne             Mark Stuart              40     1   2  2  

Last Minutes Offensive
   Center                   Left Wing                Right Wing               Defense                  Defense                  
   Eric Lindros             Wojtek Wolski            Jarome Iginla            Andrew Alberts           Jason Demers             

Last Minutes Defensive
   Center                   Left Wing                Right Wing               Defense                  Defense                  
   Eric Lindros             Wojtek Wolski            Jarome Iginla            Andrew Alberts           Jason Demers             

Goaltenders
Starting : Karri Ramo               
Backup : Roberto Luongo           

Extra Forwards
Normal : Viktor Stalberg, Dainius Zubrus, Matt Hendricks - PP : Viktor Stalberg, Dainius Zubrus - PK : Matt Hendricks
Extra Defensemen
Normal : Zdeno Chara, Nate Prosser, Andrew Alberts - PP : Zdeno Chara - PK : Nate Prosser, Andrew Alberts
Penalty Shots
Wojtek Wolski, Eric Lindros, Jarome Iginla, Matt Cooke, Victor Oreskovich

Flyers

5 vs 5 Forward 
   Center                   Left Wing                Right Wing               Time % Phy DF OF 
 1 Jeff Carter              Dany Heatley             Mats Zuccarello          35     1   0  4  
 2 Kyle Wellwood            Patrick Marleau          Loui Eriksson            35     0   0  5  
 3 Matthew Lombardi         Rostislav Olesz          Georges Laraque          15     0   3  2  
 4 Jeff O'Neill             Mike York                Stefan Ruzicka           15     0   3  2  

5 vs 5 Defense 
   Defense                  Defense                                           Time % Phy DF OF 
 1 Jeff Woywitka            Jonathan Ericsson                                 40     1   2  2  
 2 Pavel Kubina             Matt Smaby                                        40     1   2  2  
 3 Dave Tanabe              James Wisniewski                                  15     1   4  0  
 4 Jonathan Ericsson        Jeff Woywitka                                     5      1   2  2  

PowerPlay Forward 
   Center                   Left Wing                Right Wing               Time % Phy DF OF 
 1 Jeff Carter              Dany Heatley             Mats Zuccarello          50     1   2  2  
 2 Kyle Wellwood            Patrick Marleau          Loui Eriksson            50     1   2  2  

PowerPlay Defense
   Defense                  Defense                                           Time % Phy DF OF 
 1 Jonathan Ericsson        Jeff Woywitka                                     50     1   2  2  
 2 Pavel Kubina             Matt Smaby                                        50     1   2  2  

Penalty Kill 4 Players Forward 
   Center                   Wing                     Time % Phy DF OF 
 1 Matthew Lombardi         Rostislav Olesz          60     0   5  0  
 2 Kyle Wellwood            Dany Heatley             40     0   5  0  

Penalty Kill 4 Players Defense
   Defense                  Defense                  Time % Phy DF OF 
 1 Jeff Woywitka            Jonathan Ericsson        60     0   5  0  
 2 Matt Smaby               Dave Tanabe              40     0   5  0  

Penalty Kill - 3 Players Forward 
   Forward                                           Time % Phy DF OF 
 1 Matthew Lombardi                                  60     0   5  0  
 2 Kyle Wellwood                                     40     0   5  0  

Penalty Kill - 3 Players Defense
   Defense                  Defense                  Time % Phy DF OF 
 1 Jonathan Ericsson        Jeff Woywitka            60     0   5  0  
 2 Matt Smaby               Dave Tanabe              40     0   5  0  

4 vs 4 Forward 
   Center                   Wing                     Time % Phy DF OF 
 1 Jeff Carter              Dany Heatley             50     1   2  2  
 2 Kyle Wellwood            Loui Eriksson            50     1   2  2  

4 vs 4 Defense
   Defense                  Defense                  Time % Phy DF OF 
 1 Jonathan Ericsson        Jeff Woywitka            50     1   2  2  
 2 Matt Smaby               Pavel Kubina             50     1   2  2  

Last Minutes Offensive
   Center                   Left Wing                Right Wing               Defense                  Defense                  
   Kyle Wellwood            Patrick Marleau          Loui Eriksson            Pavel Kubina             Jeff Woywitka            

Last Minutes Defensive
   Center                   Left Wing                Right Wing               Defense                  Defense                  
   Matthew Lombardi         Dany Heatley             Georges Laraque          Jeff Woywitka            Jonathan Ericsson        

Goaltenders
Starting : Viktor Fasth             
Backup : Cory Schneider           

Extra Forwards
Normal : Jeff Carter, Kyle Wellwood, Patrick Marleau - PP : Jeff Carter, Kyle Wellwood - PK : Matthew Lombardi
Extra Defensemen
Normal : Jonathan Ericsson, Jeff Woywitka, Pavel Kubina - PP : Jonathan Ericsson - PK : Jeff Woywitka, Jonathan Ericsson
Penalty Shots
Patrick Marleau, Dany Heatley, Jeff Carter, Loui Eriksson, Kyle Wellwood

% Time on Ice - Bruins

Lines # - Real PCT - Wanted PCT - Time Play
Normal Forward
1 - 30% - 40% - 13:38
2 - 25% - 30% - 11:14
3 - 23% - 20% - 10:31
4 - 21% - 10% - 9:28
Normal Defense
1 - 37% - 40% - 16:45
2 - 33% - 30% - 14:37
3 - 26% - 20% - 11:48
4 - 4% - 10% - 1:41
PP Forward
1 - 58% - 60% - 4:11
2 - 42% - 40% - 2:59
PP Defense
1 - 59% - 60% - 4:14
2 - 41% - 40% - 2:56
PK Forward
1 - 73% - 60% - 5:48
2 - 27% - 40% - 2:08
PK Defense
1 - 66% - 60% - 5:14
2 - 34% - 40% - 2:42
PK3 Forward
1 - 0% - 60%
2 - 0% - 40%
PK3 Defense
1 - 0% - 60%
2 - 0% - 40%
44 Forward
1 - 89% - 60% - 1:10
2 - 11% - 40% - 0:09
44 Defense
1 - 62% - 60% - 0:49
2 - 38% - 40% - 0:30
Last Minute Offensive  - 0:03
Last Minute Defensive  - 0:00
Total
Forward - 61:19
Defense - 61:19

% Time on Ice - Flyers

Lines # - Real PCT - Wanted PCT - Time Play
Normal Forward
1 - 31% - 35% - 13:51
2 - 30% - 35% - 13:17
3 - 20% - 15% - 8:48
4 - 20% - 15% - 8:58
Normal Defense
1 - 39% - 40% - 17:27
2 - 36% - 40% - 16:15
3 - 25% - 15% - 11:12
4 - 0% - 5% - 0:00
PP Forward
1 - 47% - 50% - 3:46
2 - 53% - 50% - 4:10
PP Defense
1 - 53% - 50% - 4:12
2 - 47% - 50% - 3:44
PK Forward
1 - 84% - 60% - 6:02
2 - 16% - 40% - 1:08
PK Defense
1 - 64% - 60% - 4:35
2 - 36% - 40% - 2:35
PK3 Forward
1 - 0% - 60%
2 - 0% - 40%
PK3 Defense
1 - 0% - 60%
2 - 0% - 40%
44 Forward
1 - 56% - 50% - 0:44
2 - 44% - 50% - 0:35
44 Defense
1 - 46% - 50% - 0:36
2 - 54% - 50% - 0:43
Last Minute Offensive  - 0:00
Last Minute Defensive  - 0:00
Total
Forward - 61:19
Defense - 61:19

Play by Play

1st period


0:01 of 1st period - Eric Lindros wins face-off versus Jeff Carter in neutral zone.
0:26 of 1st period - Andrew Alberts is hit by Jonathan Ericsson and loses puck.
2:52 of 1st period - Jonathan Ericsson is hit by Viktor Stalberg.
3:10 of 1st period - Snap shot by Wojtek Wolski.
3:10 of 1st period - Stopped by Viktor Fasth with a rebound.
3:12 of 1st period - Slapshot by Jarome Iginla.
3:12 of 1st period - Shot Misses the Net.
3:14 of 1st period - Slapshot by Ryan O'Byrne.
3:14 of 1st period - Shot Blocked by Pavel Kubina.
3:24 of 1st period - Nate Prosser is hit by Jeff Carter and loses puck.
4:04 of 1st period - Jeff O'Neill is hit by Jason Demers and loses puck.
4:09 of 1st period - Snap shot by Jarome Iginla.
4:09 of 1st period - Stopped by Viktor Fasth with a rebound.
4:29 of 1st period - Snap shot by Kyle Wellwood.
4:29 of 1st period - Stopped by Karri Ramo without a rebound.
4:30 of 1st period - Jeff Carter wins face-off versus Eric Lindros in Bruins zone.
4:51 of 1st period - James Wisniewski is hit by Nate Prosser.
4:57 of 1st period - James Wisniewski is hit by Jason Demers and loses puck.
6:03 of 1st period - Rostislav Olesz is hit by Dave Bolland.
6:19 of 1st period - Wrist shot by Mats Zuccarello.
6:19 of 1st period - Shot Misses the Net.
6:21 of 1st period - Slapshot by Matt Smaby.
6:21 of 1st period - Shot Blocked by Mark Stuart.
6:33 of 1st period - Slapshot by Kyle Wellwood.
6:33 of 1st period - Shot Misses the Net.
6:35 of 1st period - Snap shot by Jeff Woywitka.
6:35 of 1st period - Deflect By Ryan O'Byrne.
6:35 of 1st period - Stopped by Karri Ramo without a rebound.
6:36 of 1st period - Kyle Wellwood wins face-off versus Éric Perrin in Bruins zone.
6:43 of 1st period - Wrist shot by Patrick Marleau.
6:43 of 1st period - Stopped by Karri Ramo with a rebound.
6:45 of 1st period - Wrist shot by Kyle Wellwood.
6:45 of 1st period - Stopped by Karri Ramo with a rebound.
6:47 of 1st period - Slapshot by Jeff Woywitka.
6:47 of 1st period - Shot Misses the Net.
6:59 of 1st period - Minor Penalty to Curtis Glencross for Tripping.
7:00 of 1st period - Wojtek Wolski wins face-off versus Jeff Carter in Bruins zone.
7:13 of 1st period - Wrist shot by Jeff Carter.
7:13 of 1st period - Shot Misses the Net.
8:59 of 1st period - Penalty to Curtis Glencross is over, Curtis Glencross is back on ice.
9:09 of 1st period - Slapshot by Nate Prosser.
9:09 of 1st period - Shot Misses the Net.
9:35 of 1st period - Jeff Woywitka is hit by Nate Prosser and loses puck.
10:33 of 1st period - Icing by Mark Stuart.
10:34 of 1st period - Kyle Wellwood wins face-off versus David Moss in Bruins zone.
10:59 of 1st period - Snap shot by Eric Lindros.
10:59 of 1st period - Stopped by Viktor Fasth with a rebound.
11:03 of 1st period - Wrist shot by Wojtek Wolski.
11:03 of 1st period - Stopped by Viktor Fasth with a rebound.
11:05 of 1st period - Snap shot by Wojtek Wolski.
11:05 of 1st period - Shot Misses the Net.
11:45 of 1st period - Slapshot by Kyle Wellwood.
11:45 of 1st period - Stopped by Karri Ramo with a rebound.
12:37 of 1st period - Kyle Wellwood is hit by Nate Prosser and loses puck.
12:58 of 1st period - Matt Hendricks is hit by Dany Heatley and loses puck.
13:05 of 1st period - Wrist shot by Matt Hendricks.
13:05 of 1st period - Stopped by Viktor Fasth with a rebound.
13:07 of 1st period - Slapshot by Andrew Alberts.
13:07 of 1st period - Stopped by Viktor Fasth without a rebound.
13:08 of 1st period - Eric Lindros wins face-off versus Jeff Carter in Flyers zone.
13:57 of 1st period - Dave Bolland is hit by Stefan Ruzicka and loses puck.
14:19 of 1st period - Dave Bolland is hit by Matthew Lombardi and loses puck.
14:32 of 1st period - Snap shot by Dave Bolland.
14:32 of 1st period - Shot Misses the Net.
14:34 of 1st period - Wrist shot by Matt Cooke.
14:34 of 1st period - Stopped by Viktor Fasth without a rebound.
14:35 of 1st period - Wojtek Wolski wins face-off versus Jeff Carter in Flyers zone.
14:50 of 1st period - Snap shot by Eric Lindros.
14:50 of 1st period - Stopped by Viktor Fasth with a rebound.
15:12 of 1st period - Slapshot by Patrick Marleau.
15:12 of 1st period - Shot Misses the Net.
15:30 of 1st period - Wrist shot by Georges Laraque.
15:30 of 1st period - Stopped by Karri Ramo without a rebound.
15:31 of 1st period - Eric Lindros wins face-off versus Jeff Carter in Bruins zone.
16:19 of 1st period - Snap shot by Dave Bolland.
16:19 of 1st period - Stopped by Viktor Fasth without a rebound.
16:20 of 1st period - Matt Cooke wins face-off versus Jeff Carter in Flyers zone.
16:56 of 1st period - Mats Zuccarello is hit by Eric Lindros and loses puck.
17:11 of 1st period - Snap shot by Loui Eriksson.
17:11 of 1st period - Shot Misses the Net.
17:31 of 1st period - Wrist shot by Victor Oreskovich.
17:31 of 1st period - Shot Misses the Net.
17:33 of 1st period - Snap shot by Matt Cooke.
17:33 of 1st period - Shot Blocked by Matt Smaby.
17:35 of 1st period - Slapshot by Ryan O'Byrne.
17:35 of 1st period - Shot Misses the Net.
17:37 of 1st period - Snap shot by Matt Cooke.
17:37 of 1st period - Shot Misses the Net.
18:14 of 1st period - Wrist shot by Loui Eriksson.
18:14 of 1st period - Stopped by Karri Ramo with a rebound.
19:05 of 1st period - James Wisniewski is hit by Andrew Alberts and loses puck.
19:12 of 1st period - Snap shot by Wojtek Wolski.
19:12 of 1st period - Shot Blocked by Matthew Lombardi.
Goals for this period are 0 for Bruins vs 0 for Flyers.
Shots for this period are 9 for Bruins vs 7 for Flyers.

2nd period


0:01 of 2nd period - Eric Lindros wins face-off versus Jeff Carter in neutral zone.
0:37 of 2nd period - Snap shot by Dainius Zubrus.
0:37 of 2nd period - Stopped by Viktor Fasth with a rebound.
0:39 of 2nd period - Snap shot by Dainius Zubrus.
0:39 of 2nd period - Stopped by Viktor Fasth with a rebound.
0:58 of 2nd period - Wrist shot by Dave Bolland.
0:58 of 2nd period - Stopped by Viktor Fasth with a rebound.
1:18 of 2nd period - Snap shot by Matthew Lombardi.
1:18 of 2nd period - Shot Misses the Net.
2:00 of 2nd period - Snap shot by Dainius Zubrus.
2:00 of 2nd period - Shot Blocked by Patrick Marleau.
2:48 of 2nd period - Mike York is hit by Matt Hendricks.
2:52 of 2nd period - Wrist shot by Mike York.
2:52 of 2nd period - Stopped by Karri Ramo without a rebound.
2:53 of 2nd period - Kyle Wellwood wins face-off versus Matt Hendricks in Bruins zone.
3:04 of 2nd period - Slapshot by Kyle Wellwood.
3:04 of 2nd period - Stopped by Karri Ramo without a rebound.
3:05 of 2nd period - Jeff Carter wins face-off versus Eric Lindros in Bruins zone.
3:49 of 2nd period - Slapshot by Matt Hendricks.
3:49 of 2nd period - Shot Misses the Net.
3:51 of 2nd period - Snap shot by Viktor Stalberg.
3:51 of 2nd period - Stopped by Viktor Fasth with a rebound.
4:13 of 2nd period - Snap shot by Mike York.
4:13 of 2nd period - Stopped by Karri Ramo with a rebound.
4:15 of 2nd period - Snap shot by Jeff O'Neill.
4:15 of 2nd period - Goal by Jeff O'Neill - Bruins : 0 - Flyers : 1.
4:16 of 2nd period - Eric Lindros wins face-off versus Dany Heatley in neutral zone.
4:25 of 2nd period - Backhand shot by Wojtek Wolski.
4:25 of 2nd period - Shot Blocked by Jeff Carter.
5:08 of 2nd period - Icing by Dave Tanabe.
5:09 of 2nd period - Eric Lindros wins face-off versus Kyle Wellwood in Flyers zone.
5:16 of 2nd period - Wrist shot by Kyle Wellwood.
5:16 of 2nd period - Deflect By Patrick Marleau.
5:16 of 2nd period - Stopped by Karri Ramo without a rebound.
5:17 of 2nd period - Eric Lindros wins face-off versus Jeff Carter in Bruins zone.
5:48 of 2nd period - Snap shot by Victor Oreskovich.
5:48 of 2nd period - Stopped by Viktor Fasth with a rebound.
6:04 of 2nd period - Snap shot by Rostislav Olesz.
6:04 of 2nd period - Shot Misses the Net.
6:32 of 2nd period - Snap shot by Dany Heatley.
6:32 of 2nd period - Deflect By Jeff Carter.
6:32 of 2nd period - Shot Blocked by Nate Prosser.
6:32 of 2nd period - Puck is out of play.
6:33 of 2nd period - Éric Perrin wins face-off versus Jeff Carter in Bruins zone.
6:48 of 2nd period - Minor Penalty to Éric Perrin for Hooking.
6:49 of 2nd period - Wojtek Wolski wins face-off versus Kyle Wellwood in Bruins zone.
7:25 of 2nd period - Wrist shot by Jeff Carter.
7:25 of 2nd period - Shot Misses the Net.
8:48 of 2nd period - Penalty to Éric Perrin is over, Éric Perrin is back on ice.
9:14 of 2nd period - Curtis Glencross is hit by Matthew Lombardi and loses puck.
10:25 of 2nd period - Snap shot by Ryan O'Byrne.
10:25 of 2nd period - Shot Misses the Net.
10:45 of 2nd period - Loui Eriksson is hit by Eric Lindros and loses puck.
11:04 of 2nd period - Icing by Rostislav Olesz.
11:05 of 2nd period - Matt Hendricks wins face-off versus Matthew Lombardi in Flyers zone.
11:42 of 2nd period - Snap shot by Jarome Iginla.
11:42 of 2nd period - Shot Blocked by Jeff Woywitka.
12:03 of 2nd period - Minor Penalty to Dave Bolland for Hooking.
12:04 of 2nd period - Wojtek Wolski wins face-off versus Kyle Wellwood in Bruins zone.
12:04 of 2nd period - Wojtek Wolski is hit by Loui Eriksson.
12:13 of 2nd period - Wrist shot by Loui Eriksson.
12:13 of 2nd period - Stopped by Karri Ramo without a rebound.
12:14 of 2nd period - Kyle Wellwood wins face-off versus Wojtek Wolski in Bruins zone.
12:29 of 2nd period - Wrist shot by Eric Lindros.
12:29 of 2nd period - Goal by Eric Lindros - Bruins : 1 - Flyers : 1.
12:30 of 2nd period - Wojtek Wolski wins face-off versus Jeff Carter in neutral zone.
12:35 of 2nd period - Backhand shot by Andrew Alberts.
12:35 of 2nd period - Stopped by Viktor Fasth with a rebound.
12:43 of 2nd period - Snap shot by Wojtek Wolski.
12:43 of 2nd period - Stopped by Viktor Fasth without a rebound.
12:44 of 2nd period - Kyle Wellwood wins face-off versus Wojtek Wolski in Flyers zone.
13:12 of 2nd period - Eric Lindros is hit by Mats Zuccarello and loses puck.
13:17 of 2nd period - Snap shot by Jeff Carter.
13:17 of 2nd period - Stopped by Karri Ramo with a rebound.
13:19 of 2nd period - Snap shot by Dany Heatley.
13:19 of 2nd period - Shot Misses the Net.
13:21 of 2nd period - Slapshot by Jeff Woywitka.
13:21 of 2nd period - Shot Blocked by Eric Lindros.
13:23 of 2nd period - Slapshot by Jonathan Ericsson.
13:23 of 2nd period - Deflect By Mats Zuccarello.
13:23 of 2nd period - Shot Misses the Net.
13:23 of 2nd period - Puck is out of play.
13:24 of 2nd period - Kyle Wellwood wins face-off versus Jarome Iginla in Bruins zone.
13:57 of 2nd period - Wrist shot by Dany Heatley.
13:57 of 2nd period - Deflect By Mats Zuccarello.
13:57 of 2nd period - Stopped by Karri Ramo without a rebound.
13:58 of 2nd period - Jeff Carter wins face-off versus Wojtek Wolski in Bruins zone.
14:01 of 2nd period - Slapshot by Mats Zuccarello.
14:01 of 2nd period - Stopped by Karri Ramo without a rebound.
14:02 of 2nd period - Wojtek Wolski wins face-off versus Jeff Carter in Bruins zone.
14:03 of 2nd period - Penalty to Dave Bolland is over, Dave Bolland is back on ice.
14:33 of 2nd period - Slapshot by Dave Bolland.
14:33 of 2nd period - Shot Blocked by Jonathan Ericsson.
14:39 of 2nd period - Snap shot by Eric Lindros.
14:39 of 2nd period - Stopped by Viktor Fasth with a rebound.
14:41 of 2nd period - Wrist shot by Dave Bolland.
14:41 of 2nd period - Shot Blocked by Jonathan Ericsson.
14:49 of 2nd period - Snap shot by Dave Bolland.
14:49 of 2nd period - Shot Misses the Net.
14:51 of 2nd period - Wrist shot by Andrew Alberts.
14:51 of 2nd period - Shot Misses the Net.
15:18 of 2nd period - Snap shot by Eric Lindros.
15:18 of 2nd period - Deflect By Wojtek Wolski.
15:18 of 2nd period - Shot Misses the Net.
15:18 of 2nd period - Puck is out of play.
15:19 of 2nd period - Kyle Wellwood wins face-off versus Matt Hendricks in Flyers zone.
15:34 of 2nd period - Snap shot by Matt Hendricks.
15:34 of 2nd period - Shot Blocked by Kyle Wellwood.
15:54 of 2nd period - Wrist shot by David Moss.
15:54 of 2nd period - Stopped by Viktor Fasth without a rebound.
15:55 of 2nd period - Viktor Stalberg wins face-off versus Kyle Wellwood in Flyers zone.
16:27 of 2nd period - Slapshot by Éric Perrin.
16:27 of 2nd period - Shot Misses the Net.
16:53 of 2nd period - Minor Penalty to Dave Tanabe for Hooking.
16:54 of 2nd period - Eric Lindros wins face-off versus Matthew Lombardi in Flyers zone.
17:03 of 2nd period - Wrist shot by Wojtek Wolski.
17:03 of 2nd period - Goal by Wojtek Wolski - Bruins : 2 - Flyers : 1.
17:04 of 2nd period - Kyle Wellwood wins face-off versus Eric Lindros in neutral zone.
17:13 of 2nd period - Snap shot by Loui Eriksson.
17:13 of 2nd period - Stopped by Karri Ramo without a rebound.
17:14 of 2nd period - Kyle Wellwood wins face-off versus Wojtek Wolski in Bruins zone.
17:23 of 2nd period - Slapshot by Patrick Marleau.
17:23 of 2nd period - Shot Misses the Net.
17:25 of 2nd period - Slapshot by Jeff Woywitka.
17:25 of 2nd period - Shot Blocked by Eric Lindros.
17:27 of 2nd period - Wrist shot by Jonathan Ericsson.
17:27 of 2nd period - Stopped by Karri Ramo with a rebound.
17:47 of 2nd period - Snap shot by Loui Eriksson.
17:47 of 2nd period - Deflect By Patrick Marleau.
17:47 of 2nd period - Stopped by Karri Ramo with a rebound.
17:49 of 2nd period - Wrist shot by Loui Eriksson.
17:49 of 2nd period - Stopped by Karri Ramo with a rebound.
17:51 of 2nd period - Snap shot by Loui Eriksson.
17:51 of 2nd period - Shot Blocked by Eric Lindros.
17:53 of 2nd period - Wrist shot by Loui Eriksson.
17:53 of 2nd period - Stopped by Karri Ramo without a rebound.
17:54 of 2nd period - Jeff Carter wins face-off versus Dave Bolland in Bruins zone.
18:07 of 2nd period - Snap shot by Dave Bolland.
18:07 of 2nd period - Stopped by Viktor Fasth with a rebound.
18:09 of 2nd period - Snap shot by Ryan O'Byrne.
18:09 of 2nd period - Stopped by Viktor Fasth with a rebound.
18:24 of 2nd period - Mats Zuccarello is hit by Éric Perrin and loses puck.
19:03 of 2nd period - Snap shot by Jeff Carter.
19:03 of 2nd period - Stopped by Karri Ramo without a rebound.
19:04 of 2nd period - Kyle Wellwood wins face-off versus Eric Lindros in Bruins zone.
19:20 of 2nd period - Off-side.
19:21 of 2nd period - Jeff O'Neill wins face-off versus Victor Oreskovich in neutral zone.
19:31 of 2nd period - Slapshot by Stefan Ruzicka.
19:31 of 2nd period - Goal by Stefan Ruzicka - Bruins : 2 - Flyers : 2.
19:32 of 2nd period - Kyle Wellwood wins face-off versus Eric Lindros in neutral zone.
19:41 of 2nd period - Snap shot by Kyle Wellwood.
19:41 of 2nd period - Shot Misses the Net.
19:43 of 2nd period - Wrist shot by Patrick Marleau.
19:43 of 2nd period - Stopped by Karri Ramo with a rebound.
19:45 of 2nd period - Snap shot by Patrick Marleau.
19:45 of 2nd period - Stopped by Karri Ramo with a rebound.
19:47 of 2nd period - Slapshot by Pavel Kubina.
19:47 of 2nd period - Stopped by Karri Ramo with a rebound.
19:49 of 2nd period - Snap shot by Kyle Wellwood.
19:49 of 2nd period - Shot Blocked by Andrew Alberts.
19:59 of 2nd period - Mats Zuccarello is hit by Jason Demers and loses puck.
Goals for this period are 2 for Bruins vs 2 for Flyers.
Shots for this period are 13 for Bruins vs 19 for Flyers.

3rd period


0:01 of 3rd period - Eric Lindros wins face-off versus Jeff Carter in neutral zone.
0:33 of 3rd period - Wrist shot by Patrick Marleau.
0:33 of 3rd period - Stopped by Karri Ramo with a rebound.
0:35 of 3rd period - Snap shot by Patrick Marleau.
0:35 of 3rd period - Goal by Patrick Marleau - Bruins : 2 - Flyers : 3.
0:36 of 3rd period - Eric Lindros wins face-off versus Jeff Carter in neutral zone.
0:57 of 3rd period - Double Minor Penalty to Mats Zuccarello for High sticking.
0:58 of 3rd period - Eric Lindros wins face-off versus Matthew Lombardi in Flyers zone.
1:29 of 3rd period - Slapshot by Ryan O'Byrne.
1:29 of 3rd period - Stopped by Viktor Fasth with a rebound.
1:31 of 3rd period - Snap shot by Mark Stuart.
1:31 of 3rd period - Shot Blocked by Rostislav Olesz.
2:07 of 3rd period - Dave Tanabe is hit by Wojtek Wolski and loses puck.
2:52 of 3rd period - Mike York is hit by Matt Cooke and loses puck.
3:03 of 3rd period - Snap shot by Dainius Zubrus.
3:03 of 3rd period - Deflect By David Moss.
3:03 of 3rd period - Stopped by Viktor Fasth without a rebound.
3:04 of 3rd period - Matthew Lombardi wins face-off versus Viktor Stalberg in Flyers zone.
3:04 of 3rd period - Matthew Lombardi is hit by Mark Stuart.
4:25 of 3rd period - Andrew Alberts is hit by Jeff O'Neill and loses puck.
4:57 of 3rd period - Penalty to Mats Zuccarello is over, Mats Zuccarello is back on ice.
5:09 of 3rd period - David Moss is hit by Kyle Wellwood and loses puck.
6:06 of 3rd period - David Moss is hit by Rostislav Olesz.
6:18 of 3rd period - Victor Oreskovich is hit by Jonathan Ericsson and loses puck.
7:28 of 3rd period - Wojtek Wolski is hit by Kyle Wellwood.
7:40 of 3rd period - Zdeno Chara is hit by Georges Laraque.
8:36 of 3rd period - Jarome Iginla is hit by Kyle Wellwood and loses puck.
9:20 of 3rd period - Mark Stuart is hit by Dany Heatley and loses puck.
9:27 of 3rd period - Slapshot by Jeff Carter.
9:27 of 3rd period - Stopped by Karri Ramo with a rebound.
9:46 of 3rd period - David Moss is hit by Jeff O'Neill.
10:14 of 3rd period - Curtis Glencross is hit by Jonathan Ericsson and loses puck.
10:23 of 3rd period - Stefan Ruzicka is hit by David Moss and loses puck.
10:30 of 3rd period - Jason Demers is hit by Pavel Kubina and loses puck.
10:50 of 3rd period - Éric Perrin is hit by Pavel Kubina.
10:55 of 3rd period - Icing by Nate Prosser.
10:56 of 3rd period - Éric Perrin wins face-off versus Kyle Wellwood in Bruins zone.
11:01 of 3rd period - Snap shot by Curtis Glencross.
11:01 of 3rd period - Deflect By Kyle Wellwood.
11:01 of 3rd period - Shot Misses the Net.
11:01 of 3rd period - Puck is out of play.
11:02 of 3rd period - Kyle Wellwood wins face-off versus Eric Lindros in Flyers zone.
11:29 of 3rd period - Dany Heatley is hit by Victor Oreskovich and loses puck.
12:01 of 3rd period - Minor Penalty to Georges Laraque for Holding.
12:02 of 3rd period - Matthew Lombardi wins face-off versus Eric Lindros in Flyers zone.
12:06 of 3rd period - Matt Smaby is hit by Jarome Iginla and loses puck.
14:01 of 3rd period - Penalty to Georges Laraque is over, Georges Laraque is back on ice.
14:13 of 3rd period - Wrist shot by Mike York.
14:13 of 3rd period - Shot Misses the Net.
14:15 of 3rd period - Wrist shot by Jeff Carter.
14:15 of 3rd period - Stopped by Karri Ramo with a rebound.
14:17 of 3rd period - Slapshot by Jonathan Ericsson.
14:17 of 3rd period - Shot Misses the Net.
14:19 of 3rd period - Slapshot by Jeff Carter.
14:19 of 3rd period - Shot Misses the Net.
14:21 of 3rd period - Backhand shot by Mike York.
14:21 of 3rd period - Stopped by Karri Ramo with a rebound.
14:23 of 3rd period - Slapshot by Jeff Woywitka.
14:23 of 3rd period - Shot Misses the Net.
14:25 of 3rd period - Wrist shot by Mike York.
14:25 of 3rd period - Goal by Mike York - Bruins : 2 - Flyers : 4.
14:26 of 3rd period - Eric Lindros wins face-off versus Kyle Wellwood in neutral zone.
14:39 of 3rd period - Slapshot by Matt Smaby.
14:39 of 3rd period - Shot Blocked by Andrew Alberts.
14:41 of 3rd period - Wrist shot by Kyle Wellwood.
14:41 of 3rd period - Stopped by Karri Ramo without a rebound.
14:42 of 3rd period - Eric Lindros wins face-off versus Jeff Carter in Bruins zone.
14:44 of 3rd period - Minor Penalty to Jason Demers for Hooking.
14:45 of 3rd period - Jeff Carter wins face-off versus Wojtek Wolski in Bruins zone.
15:30 of 3rd period - Loui Eriksson is hit by Matt Cooke and loses puck.
16:06 of 3rd period - Icing by Jonathan Ericsson.
16:07 of 3rd period - Jeff Carter wins face-off versus Wojtek Wolski in Flyers zone.
16:44 of 3rd period - Penalty to Jason Demers is over, Jason Demers is back on ice.
17:13 of 3rd period - Snap shot by Matt Cooke.
17:13 of 3rd period - Shot Blocked by Matt Smaby.
17:15 of 3rd period - Slapshot by Dave Bolland.
17:15 of 3rd period - Deflect By Matt Cooke.
17:15 of 3rd period - Goal by Matt Cooke - Bruins : 3 - Flyers : 4.
17:16 of 3rd period - Matthew Lombardi wins face-off versus Matt Hendricks in neutral zone.
17:19 of 3rd period - Snap shot by Rostislav Olesz.
17:19 of 3rd period - Stopped by Karri Ramo without a rebound.
17:20 of 3rd period - Matt Hendricks wins face-off versus Matthew Lombardi in Bruins zone.
17:20 of 3rd period - Matt Hendricks is hit by Rostislav Olesz.
17:30 of 3rd period - Snap shot by Viktor Stalberg.
17:30 of 3rd period - Stopped by Viktor Fasth without a rebound.
17:31 of 3rd period - Jeff Carter wins face-off versus Matt Hendricks in Flyers zone.
17:43 of 3rd period - Dany Heatley is hit by Viktor Stalberg and loses puck.
18:08 of 3rd period - Snap shot by Dave Bolland.
18:08 of 3rd period - Stopped by Viktor Fasth without a rebound.
18:09 of 3rd period - Matthew Lombardi wins face-off versus Matt Hendricks in Flyers zone.
18:49 of 3rd period - Minor Penalty to Jonathan Ericsson for Interference.
18:50 of 3rd period - Eric Lindros wins face-off versus Matthew Lombardi in Flyers zone.
18:51 of 3rd period - Bruins, Karri Ramo is pulled from the net.
19:03 of 3rd period - Slapshot by Jarome Iginla.
19:03 of 3rd period - Shot Misses the Net.
19:05 of 3rd period - Wrist shot by Jarome Iginla.
19:05 of 3rd period - Deflect By Dave Tanabe.
19:05 of 3rd period - Shot Misses the Net.
19:05 of 3rd period - Puck is out of play.
19:06 of 3rd period - Randy Carlyle call a timeout for Bruins.
19:06 of 3rd period - Eric Lindros wins face-off versus Matthew Lombardi in Flyers zone.
19:51 of 3rd period - Snap shot by Jarome Iginla.
19:51 of 3rd period - Goal by Jarome Iginla - Bruins : 4 - Flyers : 4.
19:51 of 3rd period - Karri Ramo from Bruins was sent back in the game.
19:52 of 3rd period - Matthew Lombardi wins face-off versus Matt Hendricks in neutral zone.
Goals for this period are 2 for Bruins vs 2 for Flyers.
Shots for this period are 6 for Bruins vs 8 for Flyers.

Overtime #1


0:01 of 1st overtime period - Dany Heatley wins face-off versus Wojtek Wolski in neutral zone.
0:11 of 1st overtime period - Off-side.
0:12 of 1st overtime period - Wojtek Wolski wins face-off versus Kyle Wellwood in neutral zone.
0:17 of 1st overtime period - Snap shot by Wojtek Wolski.
0:17 of 1st overtime period - Shot Blocked by Matt Smaby.
1:19 of 1st overtime period - Snap shot by Dainius Zubrus.
1:19 of 1st overtime period - Goal by Dainius Zubrus - Bruins : 5 - Flyers : 4.
Goals for this period are 1 for Bruins vs 0 for Flyers.
Shots for this period are 1 for Bruins vs 0 for Flyers.